 Dungeon Crawl Stone Soup version 0.27-a0-951-gae3e1deef5 (webtiles) character file.

Game seed: 7826061090418898701

14 Alarkh the Insei (level 2, 22/23 HPs)
             Began as a Demonspawn Gladiator on Apr 11, 2021.
             Got out of the dungeon alive.
             The game lasted 00:00:24 (435 turns).

Alarkh the Insei (Demonspawn Gladiator)              Turns: 435, Time: 00:00:24

Health: 22/23      AC:  4    Str: 14    XL:     2   Next: 27%
Magic:  2/2        EV: 12    Int:  9    God:
Gold:   0          SH:  0    Dex: 14    Spells: 1/1 levels left

rFire    . . .     SeeInvis .     - Unarmed
rCold    . . .     Faith    .   (no shield)
rNeg     . . .     Spirit   .   a - +0 leather armour
rPois    .         Reflect  .   b - +0 helmet
rElec    .         Harm     .   (no cloak)
rCorr    .         Rampage  .   (no gloves)
Will     .....                  (no boots)
Stlth    +.........             (no amulet)
HPRegen  0.07/turn              (no ring)
MPRegen  0.16/turn              (no ring)

@: no status effects
A: magic regeneration
a: no special abilities


You escaped.
You visited 1 branch of the dungeon, and saw 1 of its levels.

Inventory:

Missiles
 c - 3 throwing nets (quivered)
Armour
 a - a +0 leather armour (worn)
 b - a +0 helmet (worn)
Scrolls
 e - 5 scrolls of teleportation {unknown}
 g - a scroll of identify {unknown}
Potions
 d - a potion of resistance {unknown}
 f - a potion of haste {unknown}


   Skills:
 + Level 2.3 Fighting
 - Level 1.7 Throwing
 - Level 2.6 Dodging
 * Level 3.2 Unarmed Combat


You had one spell level left.
You didn't know any spells.
Your spell library was empty.

Dungeon Overview and Level Annotations

Branches:
Dungeon (1/15)

Altars:


Innate Abilities, Weirdness & Mutations

You regenerate magic rapidly.


Message History

You hit the ball python.
The ball python is severely wounded.
The ball python completely misses you. The ball python constricts you.
You closely miss the ball python.
The ball python is severely wounded.
The ball python bites you but does no damage.
The ball python constricts you.
You hit the ball python.
You kill the ball python!
No target in view!
No target in view!
No target in view!
No target in view!
No target in view!
No target in view!
No target in view!
g - a scroll labelled RUEDAO DEOMI A goblin comes into view.
It is wielding a +0 dagger.
A goblin is nearby!
A rat comes into view.
You barely miss the goblin. The goblin hits you with a +0 dagger.
You closely miss the goblin. The goblin completely misses you.
You hit the goblin.
You kill the goblin!
The rat bites you.
You hit the rat.
You kill the rat!
No target in view!
No target in view!
No target in view!
No target in view!
No target in view!
No target in view!
No target in view!
No target in view!
No target in view!
No target in view!
There is a staircase leading out of the dungeon here.
Are you sure you want to leave the Dungeon?
This will make you lose the game!
You have escaped!

#.## #.....#.......#.....§.....
..# #.........................
#.# ####.....#.....#.#...........
#.###........#.........######.†.#
......#.#.##########.### #...#
#.#.......####........# #...#
#.#.#.#.#..##.P...P.#.# #...#
#.#.#.................# #...#
....##.#...#....@....########[..#
#.####...........................
.#.###........P...P.###..##.##.##
###..........#.....####..##.##†##
.#.###.......#####.#.. ..........
#.## ######### #.#.# ..#..##.##
### #.#.##..#.......
#.............## ###.####....####


There were no monsters in sight!

Vanquished Creatures
  A ball python (D:1)
  An endoplasm (D:1)
  2 giant cockroaches (D:1)
  2 goblins (D:1)
  A quokka (D:1)
  A frilled lizard (D:1)
  2 kobolds (D:1)
  3 rats (D:1)
13 creatures vanquished.

Notes
Turn   | Place    | Note
-------+----------+-------------------------------------------
     0 | D:1      | Alarkh the Demonspawn Gladiator began the quest for the
                  | Orb.
     0 | D:1      | Reached XP level 1. HP: 16/16 MP: 1/1
    88 | D:1      | Reached skill level 3 in Unarmed Combat
   203 | D:1      | Found a faded altar of an unknown god.
   219 | D:1      | Gained mutation: You regenerate magic rapidly. [demonic
                  | ancestry]
   219 | D:1      | Reached XP level 2. HP: 17/22 MP: 2/2
   435 | D:$      | Got out of the dungeon alive.

Illustrated notes

Levels and vault maps discovered:
D:1:      dpeg_arrival_orchard, layout_loops_cross,
          ebering_ecumenical_altar_mist, glass_columns_a

Skill      XL: |  1 |
---------------+----+-----
Unarmed Combat | 3 |  3.2
Fighting       | |  2.3
Throwing       | |  1.7
Dodging        | |  2.6

Action                   || total
-------------------------++-------
Melee: Unarmed           ||    41
       Punch             ||     1
Armor: Leather armour    ||     5
Dodge: Dodged            ||    21

Table legend: (Time is in decaauts)
 A = Elapsed time spent in this place.
 B = Non-inter-level travel time spent in this place.
 C = Inter-level travel time spent in this place.
 D = Time resting spent in this place.
 E = Time spent auto-exploring this place.
 F = Levels seen in this place.
 G = Mean time per level.
                   A        B        C        D        E       F      G
               +--------+--------+--------+--------+--------+-----+--------+
         Total |    432 |    400 |     32 |     92 |    217 |   1 |  432.0 |
       Dungeon |    432 |    400 |     32 |     92 |    217 |   1 |  432.0 |
               +--------+--------+--------+--------+--------+-----+--------+

Top non-repeatable levels by time:
     D:1: 432 daAuts
